 Seeded DCSS version 0.30-a0-743-gbfdf073431 (webtiles) character file.

Game seed: 5430720872467839093 (custom seed)

63 purpskrrrp the Sneak (level 3, -1/20 HPs)
             Began as a Deep Elf Brigand on Feb 7, 2023.
             Slain by a goblin
             ... wielding a +0 dagger
              (2 damage)
             ... on level 2 of the Dungeon.
             The game lasted 00:02:06 (1105 turns).

purpskrrrp the Sneak (Deep Elf Brigand)             Turns: 1105, Time: 00:02:07

Health: -1/20      AC:  3    Str: 14    XL:     3   Next: 87%
Magic:  7/7        EV: 12    Int: 17    God:
Gold:   60         SH:  0    Dex: 16    Spells: 5/5 levels left

rFire   . . .      SeeInvis .    a - +2 dagger
rCold   . . .      Faith    .    (no shield)
rNeg    . . .      Spirit   .    b - +0 robe
rPois   .          Reflect  .    (no helmet)
rElec   .          Harm     .    c - +0 cloak
rCorr   .          Rampage  .    (no gloves)
Will    .....                    (no boots)
Stlth   +++                      (no amulet)
HPRegen 0.23/turn                n - +6 ring of strength
MPRegen 0.10/turn                (no ring)

@: lethally poisoned (-1 -> -5)
A: no striking features
a: no special abilities


You were on level 2 of the Dungeon.
You visited 1 branch of the dungeon, and saw 2 of its levels.

You collected 60 gold pieces.

Inventory:

Hand Weapons
 a - a +2 dagger (weapon)
Missiles
 d - 8 poisoned darts
Armour
 b - a +0 robe (worn)
 c - a +0 cloak (worn)
Jewellery
 n - a +6 ring of strength (left hand)
Scrolls
 g - a scroll of torment {unknown}
 h - 3 scrolls of amnesia {unknown}
 i - a scroll of identify {unknown}
 l - a scroll of noise {unknown}
 m - a scroll of teleportation {unknown}
 o - a scroll of brand weapon {unknown}
Potions
 f - a potion of mutation {unknown}
 j - a potion of attraction {unknown}


   Skills:
 - Level 1.5 Fighting
 + Level 2.3 Short Blades
 - Level 2.0 Throwing
 + Level 2.0 Dodging
 + Level 5.2 Stealth
 + Level 1.8 Spellcasting
 * Level 2.1 Translocations


You had 5 spell levels left.
You didn't know any spells.
Your spell library was empty.

Dungeon Overview and Level Annotations

Branches:
Dungeon (2/15)

Altars:


Message History

You feel better. The adder bites you. The goblin hits you with a +0 dagger.
The adder barely misses you.
You miss the adder.
The adder is heavily wounded.
The goblin closely misses you. The adder bites you.
You barely miss the adder.
The adder is heavily wounded.
The adder misses you. The goblin hits you with a +0 dagger.
You closely miss the adder.
The adder is heavily wounded.
The adder closely misses you. The goblin hits you but does no damage.
You barely miss the adder.
The adder is heavily wounded.
The adder closely misses you. The goblin hits you but does no damage.
You closely miss the adder.
The adder is heavily wounded.
The adder misses you. The goblin completely misses you.
The adder bites you but does no damage.
You hit the adder.
The adder is severely wounded.
The adder misses you. The goblin misses you.
You closely miss the adder.
The adder is severely wounded.
The adder closely misses you. The goblin hits you with a +0 dagger.
* * * LOW HITPOINT WARNING * * *
You hit the adder.
The adder is almost dead.
The adder bites you.
* * * LOW HITPOINT WARNING * * *
You are lethally poisoned!
The adder poisons you!
You hit the adder but do no damage.
The adder is almost dead.
* * * LOW HITPOINT WARNING * * *
You feel sick. The goblin misses you. The adder bites you but does no damage.
You hit the adder.
You kill the adder!
* * * LOW HITPOINT WARNING * * *
You feel sick. The goblin hits you with a +0 dagger.
You die...

# ##### .# # #
...##.# .#.
#....## #.#
#).#..#..# #.#
###(........ #.#
#...##.....# #.#
#.#)# .....
#.#####?#@# ####
#.....).#.g..#
####.#######.#
##.....[#.. .##
#..#.##.#.##....
#....##.#.......
#..#.......#.#..
#....#...#.....#
##.#....#....#...


You could see a goblin.

Vanquished Creatures
  3 gnolls (D:2)
  An adder (D:2)
  3 bats
  4 endoplasms
  3 goblins
  2 hobgoblins
  4 jackals (D:1)
  5 kobolds
  2 quokkas (D:1)
  2 ball pythons (D:1)
  A frilled lizard (D:2)
  A rat (D:1)
31 creatures vanquished.

Notes
Turn   | Place    | Note
-------+----------+-------------------------------------------
     0 | D:1      | purpskrrrp the Deep Elf Brigand began the quest for the
                  | Orb.
     0 | D:1      | Reached XP level 1. HP: 12/12 MP: 3/3
   155 | D:1      | Reached skill level 1 in Translocations
   155 | D:1      | Reached XP level 2. HP: 16/16 MP: 5/5
   237 | D:1      | Reached skill level 1 in Spellcasting
   255 | D:1      | Reached skill level 5 in Stealth
   984 | D:2      | Reached XP level 3. HP: 12/20 MP: 7/7
  1105 | D:2      | HP: 1/20 [poisoned by an adder]
  1105 | D:2      | Slain by a goblin

Illustrated notes

Levels and vault maps discovered:
D:1:      dpeg_arrival_boxes_within_box, layout_basic
D:2:      layout_loops_ring, serial_shops, shop, nicolae_kite_square_tiling_tiny

Skill      XL: |  1  2  3 |
---------------+----------+-----
Translocations | 1 2 |  2.1
Spellcasting   | 1 |  1.8
Stealth        | 5 |  5.2
Dodging        | 2 |  2.0
Fighting       | |  1.5
Short Blades   | |  2.3
Throwing       | |  2.0

Action                     || total
---------------------------++-------
  Melee: Dagger            ||    92
         Punch             ||     2
  Throw: Dart              ||     8
    Use: Potion            ||     2
   Stab: Sleeping          ||     7
 Armour: Robe              ||    27
  Dodge: Dodged            ||    58

Table legend: (Time is in decaauts)
 A = Elapsed time spent in this place.
 B = Non-inter-level travel time spent in this place.
 C = Inter-level travel time spent in this place.
 D = Time resting spent in this place.
 E = Time spent auto-exploring this place.
 F = Levels seen in this place.
 G = Mean time per level.
                   A        B        C        D        E       F      G
               +--------+--------+--------+--------+--------+-----+--------+
         Total |   1094 |   1032 |     62 |      0 |    810 |   2 |  547.0 |
       Dungeon |   1094 |   1032 |     62 |      0 |    810 |   2 |  547.0 |
               +--------+--------+--------+--------+--------+-----+--------+

Top non-repeatable levels by time:
     D:1: 900 daAuts
     D:2: 193 daAuts
